 Dungeon Crawl Stone Soup version 0.25-a0-317-g5f8687bca5 (webtiles) character file.

Game seed: 2213999606388876092, levelgen mode: deterministic

1626735 bmfx the Acrobat (level 27, 179/179 HPs)
             Began as a Deep Elf Air Elementalist on Dec 26, 2019.
             Was the Champion of Vehumet.
             Escaped with the Orb
             ... and 3 runes on Dec 27, 2019!
             The game lasted 03:26:42 (83193 turns).

bmfx the Acrobat (Deep Elf Air Elementalist)       Turns: 83193, Time: 03:26:43

Health: 179/179    AC: 37    Str: 12    XL:     27
Magic:  59/59      EV: 29    Int: 44    God:    Vehumet [******]
Gold:   4883       SH: 10    Dex: 16    Spells: 13/68 levels left

rFire    + + .     SeeInvis +   I - staff of fire
rCold    . . .     Gourm    .   O - +1 buckler "Wemont" {*Contam rN+ MP+9 Int+3}
rNeg     + + .     Faith    .   Z - +3 faerie dragon scales {*Drain rElec rCorr Int+7 Stlth+}
rPois    +         Spirit   .   A - +2 helmet {SInv}
rElec    +         Reflect  .   s - +2 ratskin cloak {+Rats rPois rN+ Str-1 Int-1 Dex+1}
rCorr    +         Harm     .   H - +2 pair of gloves {Str+3}
MR       ++++.                  l - +2 pair of boots of Naziukhle {rF+ Str+3}
Stlth    +.........             k - amulet of magic regeneration
HPRegen  0.39/turn              b - ring of Robustness {AC+8}
MPRegen  0.61/turn              U - ring of the Mage {Wiz MR++ Int+3}

@: deflect missiles
A: large bone plates 1, blink
0: Orb of Zot
}: 3/15 runes: barnacled, silver, gossamer
a: Blink, Renounce Religion, Evoke Ratskin


You escaped.
You worshipped Vehumet.
Vehumet was exalted by your worship.
You were full.

You visited 10 branches of the dungeon, and saw 50 of its levels.
You visited 1 bazaar.
You also visited: Trove and Ice Cave.

You collected 8365 gold pieces.
You spent 3482 gold pieces at shops.


Innate Abilities, Weirdness & Mutations

You are partially covered in large bone plates. (SH +4)
You can translocate small distances at will.

Dungeon Overview and Level Annotations

Branches:
Dungeon (15/15)            Temple (1/1) D:7            Lair (6/6) D:8
 Shoals (4/4) Lair:3       Spider (4/4) Lair:4        Slime (0/5) Lair:5
    Orc (2/2) D:10            Elf (3/3) Orc:2        Vaults (5/5) D:14
  Crypt (0/3) Vaults:2     Depths (5/5) D:15            Zot (5/5) Depths:5
  IceCv (visited)

Altars:
Ashenzari
Cheibriados
Dithmenos
Elyvilon
Fedhas
Gozag
Hepliaklqana
Kikubaaqudgha
Makhleb
Nemelex Xobeh
Okawaru
Qazlal
Ru
Sif Muna
Trog
Uskayaw
Vehumet
Wu Jian
Xom
Yredelemnul
Zin
The Shining One
Beogh
Jiyva

Shops:
D:7 ?%(=*   D:8 [   Orc:2 *=*%*   Elf:1 (%*(   Elf:2 ?   Shoals:4 =
Vaults:4 *   Depths:3 [   Depths:4 }}=

Portals:
Hell: Depths:1 Depths:2 Depths:3 Depths:4 Depths:5
Abyss: Depths:3 Depths:4
Pandemonium: Depths:3 Depths:4
Ziggurat: Depths:1


   Skills:
 + Level 19.9 Fighting
 - Level 18.0 Armour
 - Level 24.0 Dodging
 - Level 4.0 Stealth
 - Level 4.1 Shields
 - Level 21.1 Spellcasting
 - Level 18.0 Conjurations
 - Level 4.0 Translocations
 - Level 24.0 Air Magic
 - Level 12.0 Evocations


You had 13 spell levels left.
You knew the following spells:

 Your Spells              Type           Power        Failure   Level  Hunger
a - Apportation           Tloc           ######       1%          1    None
m - Deflect Missiles      Chrm/Air       ########..   1%          6    None
o - Orb of Destruction    Conj           ########..   1%          7    None
r - Regeneration          Chrm/Necr      #####.....   1%          3    None
s - Swiftness             Chrm/Air       ########     0%          2    None
A - Tornado               Air            ########..   1%          9    ###....
B - Static Discharge      Conj/Air       ########     0%          3    None
C - Airstrike             Air            ########..   0%          4    None
D - Lightning Bolt        Conj/Air       ########..   0%          5    None
E - Sticky Flame          Conj/Fire      ########     1%          4    None
F - Spellforged Servitor  Conj/Summ      #######...   1%          7    None
G - Summon Lightning Spi  Summ/Air       ########     1%          4    None

Your spell library contained the following spells:

 Spells                   Type           Power        Failure   Level  Hunger
 Lehudib's Crystal Spear  Conj/Erth      #######...   10%         8    None
 Glaciate                 Conj/Ice       #######...   73%         9    ###....
 Foxfire                  Conj/Fire      ####         0%          1    None
 Magic Dart               Conj           ####         0%          1    None
 Shock                    Conj/Air       ####         0%          1    None
 Corpse Rot               Necr/Air       N/A          0%          2    None
 Poisonous Vapours        Pois/Air       ######       0%          2    None
 Searing Ray              Conj           ######       0%          2    None
 Mephitic Cloud           Conj/Pois/Air  ########     0%          3    None
 Conjure Ball Lightning   Conj/Air       ########..   0%          6    None
 Animate Skeleton         Necr           N/A          1%          1    None
 Confusing Touch          Hex            #####.       1%          1    None
 Corona                   Hex            #####..      1%          1    None
 Freeze                   Ice            ####         1%          1    None
 Infusion                 Chrm           ####         1%          1    None
 Pain                     Necr           ####         1%          1    None
 Sandblast                Erth           #####.       1%          1    None
 Sting                    Tmut/Pois      ####         1%          1    None
 Summon Butterflies       Summ           #####...     1%          1    None
 Summon Small Mammal      Summ           ####         1%          1    None
 Call Imp                 Summ           #####...     1%          2    None
 Ensorcelled Hibernation  Hex/Ice        #####.       1%          2    None
 Passwall                 Tmut/Erth      #####...     1%          2    None
 Shroud of Golubria       Chrm/Tloc      ######       1%          2    None
 Slow                     Hex            #####...     1%          2    None
 Song of Slaying          Chrm           #####...     1%          2    None
 Sublimation of Blood     Necr           #####.....   1%          2    None
 Call Canine Familiar     Summ           #####...     1%          3    None
 Confuse                  Hex            #####...     1%          3    None
 Conjure Flame            Conj/Fire      ########     1%          3    None
 Dazzling Flash           Conj/Hex       ######       1%          3    None
 Gell's Gravitas          Tloc           ######....   1%          3    None
 Ignite Poison            Fire/Tmut/Pois ######..     1%          3    None
 Inner Flame              Hex/Fire       ######..     1%          3    None
 Lesser Beckoning         Tloc           ######....   1%          3    None
 Ozocubu's Armour         Chrm/Ice       #####...     1%          3    None
 Portal Projectile        Hex/Tloc       ######       1%          3    None
 Recall                   Summ/Tloc      N/A          1%          3    None
 Spectral Weapon          Hex/Chrm       #####...     1%          3    None
 Stone Arrow              Conj/Erth      ######       1%          3    None
 Summon Guardian Golem    Hex/Summ       #####...     1%          3    None
 Tukima's Dance           Hex            #####...     1%          3    None
 Vampiric Draining        Necr           #####.....   1%          3    None
 Fulminant Prism          Conj/Hex       #######...   1%          4    None
 Hailstorm                Conj/Ice       #######.     1%          4    None
 Iskenderun's Mystic Bla  Conj/Tloc      #######.     1%          4    None
 Olgreb's Toxic Radiance  Pois           #####...     1%          4    None
 Bolt of Magma            Conj/Fire/Erth #######...   1%          5    None
 Fireball                 Conj/Fire      ########..   1%          5    None
 Iskenderun's Battlesphe  Conj/Chrm      #######.     1%          5    None
 Lee's Rapid Deconstruct  Erth           #####.....   1%          5    None
 Silence                  Hex/Air        ########..   1%          5    None
 Yara's Violent Unravell  Hex/Tmut       #####.....   1%          5    None
 Freezing Cloud           Conj/Ice/Air   ########..   1%          6    None
 Iron Shot                Conj/Erth      #######...   1%          6    None
 Starburst                Conj/Fire      ########..   1%          6    None
 Animate Dead             Necr           N/A          2%          4    None
 Cause Fear               Hex            #####.....   2%          4    None
 Leda's Liquefaction      Hex/Erth       #####.....   2%          4    None
 Petrify                  Tmut/Erth      #####...     2%          4    None
 Summon Ice Beast         Ice/Summ       #####...     2%          4    None
 Summon Forest            Summ/Tloc      ######....   2%          5    None
 Agony                    Necr           #####...     6%          5    None
 Alistair's Intoxication  Tmut/Pois      #####...     6%          5    None
 Aura of Abjuration       Summ           #####.....   6%          5    None
 Blade Hands              Tmut           #####.....   6%          5    None
 Borgnjor's Vile Clutch   Necr/Erth      #####.....   6%          5    None
 Dispel Undead            Necr           #####...     6%          5    None
 Excruciating Wounds      Chrm/Necr      #####.....   6%          5    None
 Metabolic Englaciation   Hex/Ice        #####.....   6%          5    None
 Summon Demon             Summ           #####.....   6%          5    None
 Summon Mana Viper        Hex/Summ       #####...     6%          5    None
 Darkness                 Hex            #####.....   32%         6    None
 Death Channel            Necr           #####.....   32%         6    None
 Eringya's Noxious Bog    Tmut/Pois      #####.....   32%         6    None
 Hydra Form               Tmut           #####.....   32%         6    None
 Invisibility             Hex            #####...     32%         6    None
 Shadow Creatures         Summ           N/A          32%         6    None
 Simulacrum               Ice/Necr       #####.....   32%         6    None
 Statue Form              Tmut/Erth      #####....    32%         6    None
 Ring of Flames           Chrm/Fire      ######....   86%         7    None
 Summon Hydra             Summ           #####.....   86%         7    None
 Ignition                 Fire           ######....   94%         8    None
 Shatter                  Erth           #####.....   100%        9    ###....

Action                   |  1- 3 |  4- 6 |  7- 9 | 10-12 | 13-15 | 16-18 | 19-21 | 22-24 | 25-27 || total
-------------------------+-------+-------+-------+-------+-------+-------+-------+-------+-------++-------
Melee: Unarmed           |     1 |       |       |       |       |       |       |       |       ||     1
       Hand axe          |       |     5 |     5 |       |       |       |       |       |       ||    10
       Short sword       |       |       |       |     5 |    17 |       |       |       |       ||    22
       Whip              |       |       |       |       |    11 |     3 |       |     7 |       ||    21
 Cast: Shock             |    99 |   112 |   115 |    80 |    21 |       |       |       |       ||   427
       Static Discharge  |     1 |     3 |     3 |    13 |    80 |    64 |    43 |     9 |    16 ||   232
       Airstrike         |       |    10 |    66 |   243 |   617 |  1149 |   404 |   363 |   471 ||  3323
       Lightning Bolt    |       |       |     7 |    33 |   127 |    28 |   118 |    48 |    47 ||   408
       Apportation       |       |       |       |       |    19 |     2 |       |       |     1 ||    22
       Spellforged Servi |       |       |       |       |       |     1 |     1 |     2 |       ||     4
       Orb of Destructio |       |       |       |       |       |     5 |     6 |    51 |    29 ||    91
       Tornado           |       |       |       |       |       |       |    69 |    66 |   108 ||   243
       Deflect Missiles  |       |       |       |       |       |       |     1 |     5 |    10 ||    16
       Summon Lightning  |       |       |       |       |       |       |       |     1 |       ||     1
       Regeneration      |       |       |       |       |       |       |       |       |     6 ||     6
 Abil: Blink             |       |       |       |       |       |       |       |       |     3 ||     3
Evoke: Wand              |       |       |       |     4 |    25 |    20 |    16 |     4 |     5 ||    74
       Lightning rod     |       |       |       |       |     3 |     4 |     4 |       |       ||    11
       Lamp of fire      |       |       |       |       |       |       |       |       |     1 ||     1
  Use: Scroll            |     3 |     4 |     6 |     8 |    18 |    12 |     8 |    11 |     9 ||    79
       Potion            |       |       |       |     2 |     6 |     8 |     6 |     3 |    16 ||    41
 Stab: Sleeping          |       |     1 |       |       |       |       |       |       |       ||     1
       Invisible         |       |       |       |     1 |       |       |       |       |       ||     1
       Paralysed         |       |       |       |       |    26 |       |       |       |       ||    26
  Eat: Chunk             |     5 |    10 |    15 |    21 |    31 |    18 |    40 |    23 |    24 ||   187
       Ration            |       |       |     3 |     2 |     5 |    10 |     8 |     8 |     9 ||    45
Armor: Robe              |     7 |     1 |     5 |    26 |    95 |   118 |   109 |     2 |       ||   363
       Leather armour    |       |       |       |       |       |    45 |       |       |       ||    45
       Acid dragon scale |       |       |       |       |       |       |       |    79 |   117 ||   196
Dodge: Dodged            |    18 |    18 |    26 |    47 |   294 |   429 |   347 |   283 |   412 ||  1874
       Deflected         |       |       |       |       |       |       |     7 |    54 |    96 ||   157
Block: Buckler           |       |       |       |       |    44 |   143 |   108 |    87 |   103 ||   485

Skill      XL: |  1  2  3  4  5  6  7  8  9 10 11 12 13 14 15 16 17 18 19 20 21 22 23 24 25 26 27 |
---------------+----------------------------------------------------------------------------------+-----
Stealth        | 3 4 |  4.0
Dodging        | 3 4 7 9 12 13 15 19 20 21 24 | 24.0
Conjurations   | 2 3 4 5 6 7 9 12 14 15 16 17 18 | 18.0
Spellcasting   | 4 5 6 8 9 12 15 16 18 21 | 21.1
Air Magic      | 4 5 6 8 10 12 15 16 18 20 21 24 | 24.0
Fighting       | 1 3 4 8 10 12 14 15 16 18 19 | 19.9
Evocations     | 8 10 12 | 12.0
Shields        | 2 4 |  4.1
Translocations | 4 |  4.0
Armour         | 9 12 14 17 18 | 18.0

Inventory:

Missiles
 j - 18 curare-tipped darts
 m - 20 throwing nets (quivered) {!f}
Armour
 l - the +2 pair of boots of Naziukhle (worn) {rF+ Str+3}
   (You acquired it on level 3 of the Spider Nest)

   It affects your strength (+3).
   It protects you from fire.
 s - the +2 ratskin cloak (worn) {+Rats rPois rN+ Str-1 Int-1 Dex+1}
   (You bought it in a shop in a bazaar)

   It affects your strength (-1).
   It affects your intelligence (-1).
   It affects your dexterity (+1).
   It protects you from poison.
   It protects you from negative energy.
 A - a +2 helmet of see invisible (worn)
 H - a +2 pair of gloves of strength (worn)
 O - the +1 buckler "Wemont" (worn) {*Contam rN+ MP+9 Int+3}
   (You took it off a deep elf mage on level 1 of the Elven Halls)

   It affects your intelligence (+3).
   It protects you from negative energy.
   It affects your magic capacity (+9).
   It causes magical contamination when unequipped.
 Z - the +3 faerie dragon scales (worn) {*Drain rElec rCorr Int+7 Stlth+}
   (You took it off the Enchantress on level 1 of the Depths)

   It affects your intelligence (+7).
   It insulates you from electricity.
   It provides partial protection from all sources of acid and corrosion.
   It causes draining when unequipped.
   It makes you more stealthy.
Magical Staves
 w - an uncursed staff of conjuration {!a}
 I - an uncursed staff of fire (weapon)
 X - an uncursed staff of air
Jewellery
 b - the ring of Robustness (left hand) {AC+8}
   (You found it on level 7 of the Dungeon)

   [ring of protection]

   It affects your AC (+8).
 i - the amulet "Quukkuow" {Spirit rPois rN+ MR+}
   (You found it on level 2 of the Elven Halls)

   [amulet of guardian spirit]

   It causes incoming damage to be split between your health and magic.
   It protects you from poison.
   It protects you from negative energy.
   It affects your resistance to hostile enchantments.
 k - an amulet of magic regeneration (around neck)
 p - the ring "Gethrut" {-Tele rElec rC+ Str+3}
   (You bought it in a shop in a bazaar)

   [ring of protection from cold]

   It affects your strength (+3).
   It protects you from cold.
   It insulates you from electricity.
   It prevents most forms of teleportation.
 M - the ring "Ufepruc" {rElec rF+ Int+4}
   (You bought it in a shop on level 4 of the Shoals)

   [ring of protection from fire]

   It affects your intelligence (+4).
   It protects you from fire.
   It insulates you from electricity.
 U - the ring of the Mage (right hand) {Wiz MR++ Int+3}
   (You bought it in a shop on level 4 of the Shoals)

   [ring of wizardry]

   It improves your spell success rate.
   It affects your intelligence (+3).
   It affects your resistance to hostile enchantments.
Wands
 f - a wand of digging (25)
 r - a wand of scattershot (5)
 t - a wand of clouds (7)
 C - a wand of iceblast (20)
 E - a wand of acid (30)
 P - a wand of enslavement (22)
 S - a wand of paralysis (30)
 T - a wand of disintegration (40)
Scrolls
 d - 26 scrolls of remove curse {@r4}
 e - 14 scrolls of teleportation {@r1}
 y - 5 scrolls of fog
 z - a scroll of silence
 F - 14 scrolls of identify {@r3}
 J - 7 scrolls of fear
 L - a scroll of holy word
 Q - 7 scrolls of immolation
 R - 2 scrolls of blinking {@r2}
 W - 8 scrolls of magic mapping
Potions
 g - a potion of agility
 h - 3 potions of heal wounds {@q1}
 n - 6 potions of magic
 o - 5 potions of brilliance
 q - 6 potions of curing {@q2}
 u - 2 potions of cancellation
 v - a potion of invisibility
 x - a potion of resistance
 B - 4 potions of haste {@q4}
 D - 4 potions of might
 G - 9 potions of flight
 N - 5 potions of ambrosia
Miscellaneous
 K - a lamp of fire
 V - a phial of floods
 Y - a lightning rod (4/4)
Comestibles
 c - 53 rations

#...................
####.......####.##..###
#..........# #.#...#
#.##.......####.#.###
#.####)#####....#.#
#.#.......#..####.#
#.#.8.8.8.#.## #.#
#.#.......#.# #.#
#.'.8.@.8.'.# #.#
###.......#.# ###
#.8.8.8.#.# #..)....#.#
####'####.# #......#
########


There were no monsters in sight!

Vanquished Creatures
  6 orbs of fire (Zot:5)
  Mara (Depths:4)
  7 ancient liches (Zot:5)
  A pandemonium lord (D:13)
  Sojobo (Vaults:4)
  3 Killer Klowns (Zot:5)
  Margery (Depths:4)
  4 caustic shrikes (Depths:5)
  3 curse toes
  Nikola (Vaults:1)
  the Enchantress (Depths:1)
  24 golden dragons
  A bone dragon (Depths:5)
  2 electric golems (Zot:5)
  Arachne (Spider:2)
  3 Brimstone Fiends
  6 liches
  23 tentacled monstrosities
  Jorgrun (D:13)
  28 Orb Guardians
  An Ice Fiend (D:12)
  2 deep elf blademasters (Elf:3)
  4 titans (Vaults:5)
  2 deep elf master archers (Elf:3)
  5 quicksilver dragons
  7 death cobs
  An Executioner (D:4)
  11 sphinxes
  16 storm dragons
  13 shadow dragons
  11 tengu reavers
  Roxanne (Shoals:1)
  Agnes (Elf:1)
  The ghost of p0werm0de the Brawler, an adept VSVM of Xom (Spider:4)
  Kirke (Elf:1)
  11 fire giants
  6 draconian monks
  The ghost of Pulopuxyer the Severer, an adept GrFi of Okawaru (Spider:3)
  7 ghost moths
  6 draconian scorchers
  17 vault wardens
  9 draconian shifters
  An iron dragon (Vaults:5)
  18 frost giants
  9 draconian knights
  7 deep elf sorcerers
  8 emperor scorpions
  17 ironheart preservers
  4 deep elf elementalists
  Louise (D:14)
  3 draconian stormcallers
  A reaper (D:13)
  7 draconian annihilators
  3 spriggan defenders (Depths:1)
  A war gargoyle (Vaults:5)
  3 entropy weavers
  An entropy weaver (shapeshifter) (Vaults:5)
  8 green draconians
  10 deep elf demonologists
  18 stone giants
  10 black draconians
  The ghost of Kaulasiffa the Unseen, a journeyman SpAs of Dithmenos (Spider:2)
  29 very ugly things
  6 deep elf annihilators
  13 purple draconians
  12 red draconians
  6 spark wasps
  Nessos (D:13)
  2 vampire knights
  7 white draconians
  A small abomination (Vaults:5)
  11 yellow draconians
  18 ettins
  4 merfolk javelineers
  The ghost of vishdafish the Spear-Bearer, a journeyman CeFi of Yredelemnul (Orc:2)
  A blizzard demon (Depths:3)
  8 deep elf death magi
  8 fire dragons
  The ghost of Qaryups the Fighter, a journeyman DrSk of Okawaru (D:13)
  18 yaktaur captains
  A crystal guardian (Vaults:4)
  8 merfolk impalers
  7 deep elf high priests
  Josephine (D:12)
  Fannar (D:11)
  7 great orbs of eyes
  6 hydras
  28 vault guards
  A naga warrior (Orc:2)
  A juggernaut simulacrum (Depths:3)
  3 merfolk avatars
  Harold (D:8)
  2 spriggan air magi
  3 rakshasas
  18 ice dragons
  2 death knights
  A catoblepas (D:14)
  Erica (Lair:1)
  28 dancing weapons
  54 two-headed ogres
  A satyr (Shoals:2)
  14 centaur warriors
  12 deep troll shamans
  19 ogre magi
  The ghost of treziel the Blocker, a journeyman GrFi of Gozag (D:10)
  12 deep troll earth magi
  4 death yaks
  6 merfolk aquamancers
  8 tengu warriors
  Urug (D:10)
  A naga sharpshooter (D:15)
  7 spriggans
  2 spriggan berserkers
  3 hell knights (Depths:4)
  Nergalle (Lair:3)
  An orc high priest (Elf:2)
  A titan skeleton (Depths:2)
  2 iron trolls
  A fire crab (D:15)
  20 deep elf knights
  A sun demon (Depths:3)
  A shadow wraith (Vaults:4)
  A spectral spark wasp (Spider:4)
  3 sixfirhies
  A salamander mystic (Depths:2)
  53 deep trolls
  8 sea snakes
  4 unseen horrors
  3 wizards
  4 glowing orange brains
  A glowing orange brain (shapeshifter) (Depths:1)
  An obsidian statue (Vaults:3)
  3 flayed ghosts
  3 phantasmal warriors (Vaults:5)
  25 deep elf archers
  A lindwurm (Zot:3)
  A shadow demon (D:6)
  An oklob plant (Shoals:4)
  15 ironbrand convokers
  17 orc knights
  35 wolf spiders
  An orb spider (shapeshifter) (Depths:1)
  10 necromancers
  A sphinx zombie (Vaults:1)
  16 orb spiders
  2 tengu skeletons (Vaults:2)
  11 harpies
  A sphinx skeleton (Depths:3)
  A spectral wolf spider (Spider:4)
  A frost giant zombie (Vaults:2)
  46 ugly things
  6 orc sorcerers
  68 deep elf magi
  14 manticores
  A fire giant zombie (Depths:3)
  16 fauns
  9 cyclopes
  29 moths of wrath
  2 elephants (Lair:6)
  A spriggan zombie (Depths:2)
  A frost giant skeleton (Depths:2)
  6 salamanders
  2 black mambas
  18 vault sentinels
  2 stone giant skeletons
  2 guardian serpents (D:15)
  8 merfolk sirens
  A torpor snail (shapeshifter) (D:13)
  A naga mage (D:15)
  3 torpor snails
  A black mamba (shapeshifter) (Depths:1)
  A rust devil (D:14)
  13 spiny frogs
  5 gargoyles
  4 water nymphs
  2 kobold demonologists (D:15)
  A hellion (Depths:1)
  5 freezing wraiths
  A komodo dragon (shapeshifter) (Depths:1)
  2 rime drakes
  A spectral redback (Spider:4)
  83 yaktaurs
  3 hellwings
  13 komodo dragons
  A rime drake (shapeshifter) (Vaults:4)
  4 tengu conjurers
  2 human skeletons (Vaults:1)
  7 demonic crawlers
  13 trolls
  An entropy weaver simulacrum (Vaults:2)
  A red devil (D:15)
  28 merfolk
  A meliai (shapeshifter) (Vaults:2)
  36 jumping spiders
  20 polar bears
  A hornet (shapeshifter) (D:15)
  A queen bee (shapeshifter) (D:14)
  2 wind drakes (Lair:6)
  16 hornets
  A polar bear (shapeshifter) (Vaults:5)
  3 meliai (D:13)
  A slime creature (shapeshifter) (Vaults:2)
  2 raiju (shapeshifter)
  3 snapping turtles
  21 slime creatures
  22 blink frogs
  8 hippogriffs
  2 dream sheep (Shoals:2)
  2 frost giant simulacra
  A meliai zombie (D:15)
  A snapping turtle (shapeshifter) (Vaults:5)
  103 redbacks
  2 air elementals
  2 shadows (D:15)
  31 tarantellas
  A tarantella (shapeshifter) (D:15)
  A yak (shapeshifter) (D:15)
  8 wyverns
  13 water elementals
  9 wraiths
  Sigmund (D:2)
  2 fire bats (Depths:2)
  An elf simulacrum (Depths:3)
  A fire elemental (Elf:1)
  3 hogs (Elf:1)
  A chaos spawn (Depths:3)
  A human (shapeshifter) (Vaults:3)
  36 yaks
  4 redback simulacra (Spider:4)
  A basilisk (D:12)
  A hungry ghost (D:7)
  3 steam dragons
  3 wargs
  8 vampire mosquitoes
  12 water moccasins
  A warg (shapeshifter) (Vaults:5)
  Menkaure (D:7)
  A spectral orb spider (Spider:4)
  A soldier ant (D:14)
  7 acid dragons
  A naga (D:15)
  A swamp worm (shapeshifter) (Depths:5)
  A tarantella simulacrum (Spider:4)
  5 porcupines
  4 floating eyes (shapeshifter)
  2 floating eyes (D:15)
  A deep troll skeleton (Vaults:5)
  2 ice beasts (shapeshifter)
  A spectral hornet (Spider:4)
  A hornet zombie (D:14)
  2 swamp drakes (Lair:5)
  2 black bears
  50 orc warriors
  6 ice beasts
  8 boggarts
  3 phantoms
  2 eyes of draining
  2 human zombies
  3 necrophages
  54 ogres
  25 centaurs
  A centaur (shapeshifter) (Vaults:2)
  11 wolves (IceCv)
  An elf skeleton (Vaults:2)
  A crocodile (shapeshifter) (D:15)
  10 crocodiles
  Blork the orc (D:4)
  9 bullfrogs
  8 earth elementals
  A wyvern zombie (D:13)
  A hornet simulacrum (D:14)
  A wyvern skeleton (D:13)
  3 scorpions
  A human simulacrum (Vaults:5)
  6 killer bees (D:9)
  A wight (D:15)
  3 howler monkeys
  10 crimson imps
  4 centaur zombies
  2 bullfrog zombies
  2 bullfrog skeletons
  An iron imp (D:9)
  15 orc priests
  3 hounds
  5 jellies
  5 centaur skeletons
  24 orc wizards
  3 iguanas
  A hell rat (D:8)
  16 worker ants
  A hound zombie (D:6)
  A hound skeleton (D:8)
  A worker ant zombie (D:10)
  9 adders
  A river rat (D:8)
  4 shadow imps
  12 white imps (Lair:5)
  2 oozes
  4 worms
  3 adder skeletons
  A dart slug (D:1)
  4 leopard geckos
  98 orcs
  6 bats
  9 giant cockroaches
  11 goblins
  8 hobgoblins
  14 jackals
  5 quokkas
  4 frilled lizards
  7 kobolds
  2 leopard gecko zombies
  8 rats
  5 crawling corpses
2424 creatures vanquished.

Vanquished Creatures (collateral kills)
  A fire giant (Depths:2)
  A deep elf sorcerer (Elf:3)
  A stone giant (Depths:1)
  An ettin (Depths:2)
  3 slime creatures (Depths:2)
  3 ogres (Depths:2)
  2 centaurs (Depths:2)
12 creatures vanquished.

Vanquished Creatures (others)
  Gastronok (D:8)
  A death cob (Zot:1)
  A draconian monk (Zot:5)
  A draconian scorcher (Zot:5)
  A ghost moth (Zot:5)
  A draconian annihilator (Zot:5)
  A two-headed ogre (Vaults:2)
  A deep troll earth mage (Depths:3)
  A tengu zombie (Vaults:1)
  A human skeleton (Vaults:1)
  A smoke demon (D:13)
  A yaktaur (Vaults:1)
  A polar bear (IceCv)
  A hippogriff (D:8)
  3 humans (Elf:1)
  An ogre (Vaults:5)
  A centaur (D:11)
  A crocodile (D:8)
  A crimson imp (D:11)
  An orc wizard (D:11)
  An orc (D:11)
  3 bushes (Lair:6)
  2 fungi (Lair:6)
  65 plants
  A withered plant (Spider:3)
94 creatures vanquished.

Grand Total: 2530 creatures vanquished

Levels and vault maps discovered:
D:1:      doesnt_arrival_eight_statues, layout_rooms
D:2:      layout_basic, chequers_ecumenical_altar_grove, uniq_sigmund
D:3:      layout_loops_ring, lemuel_round_altar
D:4:      layout_layer_cave, kennysheep_mini, first_ration,
          minmay_misc_feat_diagonals, kennysheep_generic_room_2,
          uniq_blork_the_orc
D:5:      layout_gridville, lightli_temple_of_fire
D:6:      layout_layer_cave, old_standard_altar
D:7:      layout_rooms, kennysheep_ying_yang, fedhas_altar_3,
          lemuel_coloured_pillars_altar, minmay_temple_entry_junction,
          serial_shops, nicolae_shop_competitors_out_of_business,
          nicolae_shop_window_shopping, kennysheep_mini_moat, shop,
          nicolae_shop_trees, basic_altar, grunt_ogre_cave, uniq_menkaure
D:8:      layout_layer_cave, dpeg_lair_monsters, serial_shops,
          nicolae_shop_crystal, lemuel_flame_loot_1, uniq_harold, uniq_gastronok
D:9:      minmay_blocky_corners, layout_gridville, slow_altar_1
D:10:     layout_loops_ring, david_orc_2, ebering_ghost_disaster_area,
          serial_bayou_lagoon_a, sword_in_stone
D:11:     layout_cave_pools, xom_confusion_cloud, uniq_fannar
D:12:     layout_gridville, enter_trove_1, hangedman_abyss_or_decor_clamps,
          minmay_bent, uniq_josephine
D:13:     layout_long_grid, ebering_ghost_rock_garden, serial_park_tiny_pond,
          uniq_jorgrun, uniq_nessos
D:14:     layout_loops_corners, david_vaults_4, hangedman_decor_riveting,
          uniq_louise
D:15:     hangedman_spin_cycle
Temple:   nicolae_temple_god_jail
Lair:1:   layout_big_grid, grunt_megastairs_3, infiniplex_staircase_pool_2,
          uniq_erica
Lair:2:   layout_misc_corridors
Lair:3:   layout_roguey, minmay_shoals_entry_centaurs,
          infiniplex_staircase_pool, uniq_nergalle
Lair:4:   layout_roguey, spider_nest_entry_a, basic_altar, grunt_megastairs_5
Lair:5:   layout_hall_layers, slime_altar_1, portal_ice_cave_entry_imps,
          guppyfry_lair_drakes
Lair:6:   gammafunk_lair_ancient_temple, layout_concentric_octagons,
          serial_rivers, chequers_serial_rivers_micro_e,
          chequers_serial_rivers_marsh, chequers_serial_rivers_micro_c,
          chequers_serial_rivers_micro_b, chequers_serial_rivers_micro_a,
          chequers_serial_rivers_small_a
Shoals:1: layout_shoals, nicolae_shoals_dead_sea_scrolls, uniq_roxanne
Shoals:2: layout_shoals
Shoals:3: layout_shoals
Shoals:4: shoals_end_grunt_garden, layout_shoals, serial_shops, shop_fountains,
          lemuel_oklob_altar
Spider:1: layout_chambers
Spider:2: layout_spider_delve, gammafunk_ghost_berserking_beasts, drop_trap
Spider:3: layout_spider_delve, gammafunk_ghost_grave, uniq_arachne
Spider:4: spider_rune_water, gammafunk_ghost_necromancy
Orc:1:    layout_diamond_mine
Orc:2:    st_orc_rangers, layout_caves, gammafunk_ghost_fury_of_okawaru,
          serial_shops, bzr_entry_dummy, basic_altar, nicolae_orc_rockfall,
          minmay_shop_mayhem
Elf:1:    minmay_the_grid_triangle_9x9_recursive_3_mashed
          [minmay_the_grid_triangle_9x9_limited_checkers,
          minmay_the_grid_triangle_9x9_swiss_cheese,
          minmay_the_grid_triangle_9x9_corruption,
          minmay_the_grid_triangle_9x9_prize_insulated,
          minmay_the_grid_triangle_9x9_sparse_checkered,
          minmay_the_grid_triangle_9x9_cache,
          minmay_the_grid_triangle_9x9_windchime,
          minmay_the_grid_triangle_9x9_skeleton,
          minmay_the_grid_triangle_9x9_from_above], layout_loops_corners,
          minivault_28, minmay_shop_grid_forest, uniq_kirke, uniq_agnes
Elf:2:    layout_onion_city, serial_shops, nicolae_shop_stone
Elf:3:    elf_hall, layout_gridlike
Vaults:1: hangedman_vaults_impose, nicolae_vaults_circle_grid_b, v_pattern_5,
          nicolae_vaults_angled_halls, grunt_vaults_hallway_short,
          layout_vaults_quadrants, uniq_nikola
Vaults:2: v_rooms_3, dpeg_vaults_monster_box, hangedman_vaults_variations,
          hangedman_vaults_slice, nicolae_vaults_three_branches,
          nicolae_vaults_stairing_the_circle, minmay_crypt_entry_necro_gods,
          vaults_room_pool, v_misc_24, nicolae_vaults_little_squares_2,
          nicolae_vaults_shelves_hall, vaults_room_ringed_pool,
          vaults_dpeg_encased_lava, layout_vaults_omnibox
Vaults:3: vaults_mumra_chevron, v_rooms_4, grunt_vaults_twisty,
          hangedman_vaults_hat, nicolae_vaults_little_squares_1,
          nicolae_vaults_statue_guard, nicolae_vaults_shelves_hall,
          nicolae_vaults_mini_display_case, layout_vaults_chaotic_city
Vaults:4: vaults_mumra_minichess_inversion, v_misc_12, v_misc_26,
          st_smaller_cells, nicolae_vaults_shelves_hall, vaults_mumra_minichess,
          v_misc_25, nicolae_vaults_little_squares_3,
          nicolae_vaults_twisting_passages, v_pattern_3,
          nicolae_vaults_specimen_jars, v_misc_15, nicolae_vaults_shelves_hall,
          layout_vaults_ring, serial_shops, shop, uniq_sojobo
Vaults:5
Depths:1: layout_gridlike, enter_ziggurat_c, pf_coc_iceberg, hex_medium,
          serial_sigils_hangedman_stare, kennysheep_decorative_pillar,
          minmay_librarian, uniq_enchantress
Depths:2: grunt_deathspiral_large, layout_basic, hell_entry, bh_walls_and_bars,
          minmay_metal_thing
Depths:3: minmay_diamond_stairs, layout_cave_pools, rand_demon_pan_entry_7,
          kennysheep_pointless_box, abyss_entry, pf_hell_entry_tar_spiral,
          serial_shops, shop, minmay_staircase_bubble
Depths:4: kennysheep_spiral_hall, layout_gridlike, abyss_entry, pan_entry,
          hell_entry, hangedman_decor_slide_cut, minmay_shop_grove, uniq_mara,
          uniq_margery
Depths:5: evilmike_zot_entry_basic, layout_gridlike, lemuel_round_altar,
          hell_entry
Zot:1:    layout_gridville, st_single_dragon_hoard_4, st_stairs_10
Zot:2:    layout_misc_corridors
Zot:3:    layout_twisted_circle, st_large_dragon_hoard_2
Zot:4:    layout_misc_corridors
Zot:5:    layout_gridlike, guppyfry_library_mini


Message History

(D) Dungeon (T) Temple (L) Lair (A) Shoals (N) Spider Nest (M) Slime Pits (O) Orcish Mines (E) Elven Halls (V) Vaults (C) Crypt (U) Depths (H) Hell (Z) Zot
Where to? (Enter - D:1 @ (x,y), ? - help)
The winds around you calm down.
Magic restored.
There is a stone staircase leading up here.
You climb upwards.
There is a stone staircase leading down here.
You see here a cursed +0 club.
There is a stone staircase leading up here.
You climb upwards.
There is a stone staircase leading down here.
There is a stone staircase leading up here.
You climb upwards.
There is a stone staircase leading down here.
There is an open door here.
There is a staircase leading out of the dungeon here.
You have escaped!

Notes
Turn   | Place    | Note
-------+----------+-------------------------------------------
     0 | D:1      | bmfx the Deep Elf Air Elementalist began the quest for the
                  | Orb.
     0 | D:1      | Reached XP level 1. HP: 10/10 MP: 6/6
   184 | D:1      | Reached XP level 2. HP: 15/15 MP: 6/8
   781 | D:1      | Reached XP level 3. HP: 19/19 MP: 4/9
  1093 | D:2      | Learned a level 3 spell: Static Discharge
  1165 | D:2      | Found a faded altar of an unknown god.
  1169 | D:2      | Learned a level 2 spell: Swiftness
  2209 | D:2      | Noticed Sigmund
  2824 | D:3      | Reached XP level 4. HP: 24/24 MP: 9/11
  2898 | D:3      | Learned a level 4 spell: Airstrike
  3746 | D:3      | Found a burning altar of Makhleb.
  4001 | D:4      | Reached XP level 5. HP: 28/28 MP: 6/13
  4190 | D:4      | Noticed Blork the orc
  4260 | D:4      | Noticed an ogre
  4374 | D:4      | Noticed an ogre
  4728 | D:4      | Reached XP level 6. HP: 32/32 MP: 0/14
  5180 | D:4      | Found a hazy altar of Hepliaklqana.
  5341 | D:4      | Reached skill level 5 in Spellcasting
  5341 | D:4      | Reached skill level 5 in Air Magic
  5446 | D:4      | Killed Blork the orc
  5446 | D:4      | Reached XP level 7. HP: 36/36 MP: 3/16
  5997 | D:4      | Learned a level 5 spell: Lightning Bolt
  6002 | D:5      | Entered Level 5 of the Dungeon
  6009 | D:5      | Got a pitted ruby amulet
  6099 | D:5      | Reached skill level 1 in Fighting
  6346 | D:5      | Reached XP level 8. HP: 44/44 MP: 15/19
  6560 | D:5      | Found a bloodstained altar of Trog.
  7216 | D:6      | Reached skill level 5 in Conjurations
  7902 | D:6      | Found an ornate altar of the Wu Jian Council.
  7909 | D:6      | Reached XP level 9. HP: 51/51 MP: 14/20
  8320 | D:7      | Found a staircase to the Ecumenical Temple.
  8328 | Temple   | Entered the Ecumenical Temple
  8386 | Temple   | Became a worshipper of Vehumet
  8418 | D:7      | Found Imof's Food Shoppe.
  8452 | D:7      | Found Mumoe's Magic Scroll Emporium.
  8458 | D:7      | Found Sisasask's Jewellery Emporium.
  8496 | D:7      | Found the ring of Robustness {AC+8}
  8508 | D:7      | Found Ugrirewn's Weapon Shoppe.
  8596 | D:7      | Bought a scroll of noise for 13 gold pieces
  8630 | D:7      | Found a white marble altar of Elyvilon.
  8683 | D:7      | Found a basalt altar of Yredelemnul.
  8746 | D:7      | Found a blossoming altar of Fedhas.
  8806 | D:7      | Noticed Menkaure
  8811 | D:7      | Killed Menkaure
  8822 | D:7      | Found a shattered altar of Ashenzari.
  8862 | D:7      | Found a glowing silver altar of Zin.
  9007 | D:7      | Found Deutweygg's General Store.
  9010 | D:7      | Bought a scroll of fog for 24 gold pieces
  9010 | D:7      | Bought a scroll of identify for 24 gold pieces
  9010 | D:7      | Identified the amulet "Viaxiag" {Inacc MR+ MP-9 Int+8
                  | Dex-4} (You found it on level 5 of the Dungeon)
  9241 | D:8      | Reached skill level 5 in Dodging
  9316 | D:8      | Found Eziash's Antique Armour Shoppe.
  9326 | D:8      | Bought a shiny helmet for 247 gold pieces
  9734 | D:8      | Noticed a death yak
  9820 | D:8      | Killed a death yak
  9820 | D:8      | Reached skill level 10 in Air Magic
  9884 | D:8      | Noticed Harold
  9916 | D:8      | Noticed a death yak
  9995 | D:8      | Killed Harold
  9995 | D:8      | Reached XP level 10. HP: 48/56 MP: 12/21
 10181 | D:8      | Reached * piety under Vehumet
 10181 | D:8      | Offered knowledge of Freeze by Vehumet.
 10210 | D:8      | Noticed Gastronok
 10300 | D:8      | Noticed a death yak
 10494 | D:9      | Noticed a gargoyle
 10510 | D:9      | Noticed a manticore
 10515 | D:9      | Killed a manticore
 10526 | D:9      | Killed a gargoyle
 10848 | D:9      | Got a fine whip
 10849 | D:9      | Lost strength.
 10849 | D:9      | Identified the cursed +1 whip of Saltpetre {elec, rElec rF+
                  | rN++ Str-5} (You found it on level 9 of the Dungeon)
 11007 | D:9      | Found a snail-covered altar of Cheibriados.
 11423 | D:10     | Entered Level 10 of the Dungeon
 11532 | D:10     | Noticed a wizard
 11533 | D:10     | Noticed a gargoyle
 11533 | D:10     | Noticed an orc knight
 11541 | D:10     | Killed a wizard
 11545 | D:10     | Killed a gargoyle
 11610 | D:10     | Reached ** piety under Vehumet
 11610 | D:10     | Offered knowledge of Magic Dart by Vehumet.
 11622 | D:10     | Reached XP level 11. HP: 61/61 MP: 3/25
 11759 | D:10     | Found a staircase to the Orcish Mines.
 12008 | D:10     | Identified the +4 scale mail of the Suburbs {rElec}
 12148 | D:10     | Noticed an orc knight
 12164 | D:10     | Killed an orc knight
 12214 | D:10     | Noticed Urug
 12290 | D:10     | Killed an orc knight
 12386 | D:10     | Noticed a +3 long sword
 12431 | D:10     | Killed Urug
 12947 | D:10     | Found a large runed translucent door.
 12947 | D:10     | Found a large runed translucent door.
 12948 | D:10     | Noticed treziel's ghost (journeyman GrFi)
 13059 | D:11     | Noticed a green ugly thing
 13073 | D:10     | Killed a green ugly thing
 13133 | D:11     | Offered knowledge of Dazzling Flash by Vehumet.
 13199 | D:11     | Reached *** piety under Vehumet
 13219 | D:11     | Reached skill level 5 in Evocations
 13310 | D:11     | Noticed a two-headed ogre
 13314 | D:11     | Killed a two-headed ogre
 13457 | D:11     | Noticed a cyan ugly thing
 13462 | D:11     | Killed a cyan ugly thing
 13577 | D:11     | Noticed Fannar
 13587 | D:11     | Killed Fannar
 13587 | D:11     | Offered knowledge of Sticky Flame by Vehumet.
 13686 | D:11     | Noticed a red ugly thing
 13690 | D:11     | Killed a red ugly thing
 13744 | D:11     | Found a shimmering altar of Xom.
 14038 | D:12     | You fall into a shaft and drop 2 floors!
 14039 | D:14     | Noticed a centaur warrior
 14043 | D:14     | Killed a centaur warrior
 14043 | D:14     | Reached XP level 12. HP: 56/66 MP: 11/27
 14195 | D:14     | Reached skill level 10 in Conjurations
 14331 | D:14     | Noticed a catoblepas
 14342 | D:14     | Killed a catoblepas
 14342 | D:14     | Reached skill level 10 in Spellcasting
 14368 | D:14     | Got a jacinth-encrusted scale mail
 14577 | D:13     | Found a runed translucent gate.
 14584 | D:13     | Noticed Jorgrun
 14612 | D:13     | Noticed a two-headed ogre
 14613 | D:13     | Noticed a two-headed ogre
 14624 | D:13     | Killed a two-headed ogre
 14629 | D:13     | Killed a two-headed ogre
 14629 | D:13     | Reached **** piety under Vehumet
 14640 | D:13     | Noticed Nessos
 15114 | D:11     | Learned a level 4 spell: Sticky Flame
 15200 | D:8      | Killed a death yak
 15203 | D:8      | Killed a death yak
 15224 | D:8      | Killed Gastronok
 15307 | D:8      | Found a staircase to the Lair.
 15327 | Lair:1   | Entered Level 1 of the Lair of Beasts
 15829 | Lair:1   | Noticed Erica
 15834 | Lair:1   | Killed Erica
 16264 | Lair:2   | Offered knowledge of Fulminant Prism by Vehumet.
 16973 | Lair:3   | Reached XP level 13. HP: 71/71 MP: 13/31
 17166 | Lair:3   | Found a staircase to the Shoals.
 17407 | Lair:3   | Noticed Nergalle
 17417 | Lair:3   | Killed Nergalle
 17417 | Lair:3   | Reached skill level 10 in Dodging
 17470 | Lair:3   | Reached skill level 5 in Fighting
 17611 | Lair:3   | Got a warped chain mail
 18549 | Lair:4   | Found a glowing golden altar of the Shining One.
 18564 | Lair:4   | Found a hole to the Spider Nest.
 18944 | Lair:5   | Learned a level 1 spell: Apportation
 19007 | Lair:5   | Found a staircase to the Slime Pits.
 19008 | Lair:5   | Found a viscous altar of Jiyva.
 19040 | Lair:5   | Found a frozen archway.
 19131 | IceCv    | Entered an ice cave
 19145 | IceCv    | Reached ***** piety under Vehumet
 19257 | IceCv    | Offered knowledge of Freezing Cloud by Vehumet.
 19818 | IceCv    | Noticed a frost giant
 19832 | IceCv    | Killed a frost giant
 20634 | Lair:6   | Entered Level 6 of the Lair of Beasts
 20915 | Lair:6   | Reached XP level 14. HP: 84/84 MP: 14/32
 21432 | Lair:6   | Offered knowledge of Lee's Rapid Deconstruction by Vehumet.
 21934 | Lair:6   | Got a bound iron ring
 22163 | Lair:6   | Identified the ring of the Hundredfold Beds {rElec rPois
                  | Stlth+} (You found it on level 6 of the Lair of Beasts)
 22533 | D:2      | Killed Sigmund
 23292 | D:12     | Found a portal to a secret trove of treasure.
 23308 | Trove    | Entered a treasure trove
 23313 | Trove    | Found the +8 whip "Snakebite" {curare, rPois}
 23331 | Trove    | Got a warped hunting sling
 23470 | D:12     | Noticed Josephine
 23475 | D:12     | Killed Josephine
 23991 | D:13     | Killed Nessos
 24084 | D:12     | Reached skill level 10 in Fighting
 24253 | D:13     | Identified the cursed +1 hunting sling of the Inferno
                  | {venom, rF+} (You found it in a treasure trove)
 24276 | D:13     | Noticed Qaryups's ghost (journeyman DrSk)
 24277 | D:13     | Found a runed translucent gate.
 24277 | D:13     | Found a runed translucent gate.
 24814 | D:14     | Reached skill level 15 in Spellcasting
 25060 | D:14     | Found a gate to the Vaults.
 25302 | D:14     | Noticed Louise
 25555 | D:15     | Entered Level 15 of the Dungeon
 25806 | D:15     | Found a staircase to the Depths.
 25815 | D:15     | Reached skill level 1 in Shields
 26030 | D:15     | Reached XP level 15. HP: 93/93 MP: 30/36
 26385 | D:15     | Noticed a fire giant
 26390 | D:15     | Killed a fire giant
 26427 | D:15     | Found an iron altar of Okawaru.
 26993 | D:15     | Identified the +10 war axe "Ureizo" {drain, Int+2}
 26993 | D:15     | Identified the ring "Sapn" {AC+5 Str+3}
 27236 | D:15     | Found a stormy altar of Qazlal.
 27243 | D:15     | Identified the Almanac of Enchanting Shape Shifting
 27829 | D:15     | Identified a scroll of acquirement
 27887 | D:15     | Found a snail-covered altar of Cheibriados.
 27906 | D:15     | Identified the ring of Elyvilon's Generosity {MR+ MP+9
                  | Int-3 Dex+3}
 28288 | D:15     | Got a smoking marble ring
 28290 | D:15     | Identified the ring "Xibrut" {Ice Int+5} (You found it on
                  | level 15 of the Dungeon)
 28474 | Orc:1    | Entered Level 1 of the Orcish Mines
 28516 | Orc:2    | Entered Level 2 of the Orcish Mines
 28599 | Orc:2    | Found a flickering gateway to a bazaar.
 28618 | Bazaar   | Entered a bazaar
 28662 | Bazaar   | Found Jeegh's Jewellery Boutique.
 28666 | Bazaar   | Found Tothueti's Gadget Boutique.
 28666 | Bazaar   | Found Ypno's Antique Armour Boutique.
 28667 | Bazaar   | Found Ufyvauko's Food Boutique.
 28700 | Bazaar   | Bought the ring "Gethrut" {-Tele rElec rC+ Str+3} for 595
                  | gold pieces
 28713 | Bazaar   | Bought the +2 ratskin cloak {+Rats rPois rN+ Str-1 Int-1
                  | Dex+1} for 834 gold pieces
 28713 | Bazaar   | Found the +2 ratskin cloak {+Rats rPois rN+ Str-1 Int-1
                  | Dex+1}
 29327 | Orc:2    | Found a staircase to the Elven Halls.
 29338 | Orc:2    | Found a roughly hewn altar of Beogh.
 29560 | Orc:2    | Found Aqagota's Mayhem Merchandise.
 29678 | Orc:2    | Found Kiacvu's Jewellery Shoppe.
 29678 | Orc:2    | Found Kofauc's General Store.
 29680 | Orc:2    | Found Unitsas's Food Shop.
 29682 | Orc:2    | Found Obauwkurph's General Store.
 29694 | Orc:2    | Bought a scroll of fog for 30 gold pieces
 29694 | Orc:2    | Bought a scroll of teleportation for 45 gold pieces
 29798 | Orc:2    | Found a runed translucent gate.
 29802 | Orc:2    | Found a runed translucent gate.
 29802 | Orc:2    | Found a runed translucent gate.
 29806 | Orc:2    | Noticed vishdafish's ghost (journeyman CeFi)
 29808 | Orc:2    | Found an iron altar of Okawaru.
 30366 | Spider:1 | Entered Level 1 of the Spider Nest
 31938 | Spider:1 | Reached XP level 16. HP: 89/101 MP: 37/37
 32098 | Spider:2 | Reached skill level 15 in Conjurations
 32108 | Spider:1 | Offered knowledge of Iron Shot by Vehumet.
 32848 | Shoals:1 | Entered Level 1 of the Shoals
 33154 | Shoals:1 | Noticed Roxanne
 33202 | Shoals:1 | Reached skill level 1 in Translocations
 35923 | Shoals:4 | Entered Level 4 of the Shoals
 36914 | Shoals:4 | Reached skill level 15 in Air Magic
 37247 | Shoals:4 | Got a barnacled rune of Zot
 37356 | Shoals:4 | Offered knowledge of Spellforged Servitor by Vehumet.
 37439 | Shoals:4 | Found Liregaog's Jewellery Shoppe.
 37507 | Shoals:4 | Bought the ring of the Mage {Wiz MR++ Int+3} for 672 gold
                  | pieces
 37507 | Shoals:4 | Found the ring of the Mage {Wiz MR++ Int+3}
 37518 | Shoals:4 | Learned a level 7 spell: Spellforged Servitor
 37670 | Shoals:4 | Reached XP level 17. HP: 106/106 MP: 37/38
 37864 | Shoals:4 | Identified the +7 long sword "Astrupn" {holy, Dex+6}
 38042 | Shoals:4 | Found a shadowy altar of Dithmenos.
 39000 | Spider:2 | Got a distressingly furry leather armour
 39077 | Spider:2 | Noticed Kaulasiffa's ghost (journeyman SpAs)
 39090 | Spider:2 | Found a transporter.
 39132 | Spider:2 | Found a transporter.
 39423 | Spider:3 | Reached skill level 15 in Dodging
 39653 | Spider:3 | Noticed Arachne
 40037 | Spider:2 | Killed Arachne
 40262 | Spider:2 | Offered knowledge of Starburst by Vehumet.
 40919 | Spider:3 | Identified the +3 leather armour of Democracy {rPois} (You
                  | found it on level 2 of the Spider Nest)
 41572 | Spider:3 | Found a runed translucent door.
 41598 | Spider:3 | Noticed Pulopuxyer's ghost (adept GrFi)
 41650 | Spider:4 | Entered Level 4 of the Spider Nest
 41693 | Spider:4 | Found a runed translucent gate.
 41696 | Spider:4 | Found a runed translucent gate.
 41948 | Spider:4 | Offered knowledge of Orb of Destruction by Vehumet.
 41957 | Spider:4 | Learned a level 7 spell: Orb of Destruction
 42343 | Spider:4 | Found a runed translucent gate.
 42343 | Spider:4 | Noticed p0werm0de's ghost (adept VSVM)
 43409 | Elf:1    | Entered Level 1 of the Elven Halls
 43478 | Elf:1    | Reached XP level 18. HP: 113/116 MP: 29/39
 43795 | Elf:1    | Noticed Agnes
 43852 | Elf:1    | Offered knowledge of Conjure Ball Lightning by Vehumet.
 43995 | Elf:1    | Identified the cursed +3 great mace of Victory {flame,
                  | *Contam rC+ Stlth+}
 44211 | Elf:1    | Reached skill level 15 in Fighting
 44455 | Elf:1    | Noticed Kirke
 44461 | Elf:1    | Killed Kirke
 45070 | Elf:1    | Identified the +1 cloak "Gyd Ysoa" {*Corrode Dex+6 Slay+3
                  | Stlth+} (You found it on level 1 of the Elven Halls)
 45204 | Elf:1    | Identified the +1 buckler "Wemont" {*Contam rN+ MP+9 Int+3}
 45323 | Elf:1    | Found Analogeq's Antique Weapon Shop.
 45323 | Elf:1    | Found Ishoo's Food Shop.
 45326 | Elf:1    | Found Jumpigri's General Store.
 45329 | Elf:1    | Found Larph's Antique Weapon Shop.
 45338 | Elf:1    | Bought a potion of curing for 42 gold pieces
 45338 | Elf:1    | Bought a potion of curing for 42 gold pieces
 45854 | Elf:2    | Found Zakh's Magic Scroll Boutique.
 45866 | Elf:2    | Found a runed translucent gate.
 45895 | Elf:2    | Bought a scroll of teleportation for 57 gold pieces
 45895 | Elf:2    | Bought a scroll of teleportation for 57 gold pieces
 46290 | Elf:2    | Found a runed translucent gate.
 46291 | Elf:2    | Found a runed translucent gate.
 46344 | Elf:2    | Got a scintillating brass amulet
 47112 | Elf:3    | Entered Level 3 of the Elven Halls
 47780 | Elf:3    | Reached XP level 19. HP: 73/124 MP: 23/40
 48101 | Elf:3    | Identified the ring "Tolimm" {Ice rPois MR++ Slay-2 Stlth+}
 48236 | Elf:3    | Reached ****** piety under Vehumet
 48238 | Elf:3    | Identified the +4 flail of the Toadstool {crush, MR- Str+4
                  | Dex+4}
 48241 | Elf:3    | Identified the +4 scale mail of Resilience {+Fly rN+ rCorr
                  | Stlth-}
 48801 | Elf:3    | Identified the Tome of Assistive Intoxication
 48808 | Elf:3    | Got a pitted helmet
 48819 | Elf:3    | Identified the -4 helmet of Thoughtfulness {-Tele MR+
                  | Stlth+} (You found it on level 3 of the Elven Halls)
 48862 | Elf:3    | Identified the Incunabulum of Ignition and the Frostbite
 48901 | Elf:3    | Identified the cursed +2 rapier of Anguish {flame, Fragile
                  | MR+ Dex+9}
 49054 | Elf:3    | Identified the amulet "Quukkuow" {Spirit rPois rN+ MR+}
                  | (You found it on level 2 of the Elven Halls)
 49390 | D:13     | Killed Jorgrun
 49514 | D:13     | Found a runed translucent gate.
 49514 | D:13     | Found a runed translucent gate.
 49514 | D:13     | Found a runed translucent gate.
 49910 | D:14     | Killed Louise
 50092 | Vaults:1 | Entered Level 1 of the Vaults
 50144 | Vaults:1 | Offered knowledge of Lehudib's Crystal Spear by Vehumet.
 50144 | Vaults:1 | Offered knowledge of Glaciate by Vehumet.
 50144 | Vaults:1 | Offered knowledge of Tornado by Vehumet.
 50158 | Vaults:1 | Learned a level 9 spell: Tornado
 50633 | Vaults:1 | Noticed Nikola
 50644 | Vaults:1 | Killed Nikola
 52394 | Vaults:2 | Reached XP level 20. HP: 78/129 MP: 42/42
 52901 | Vaults:2 | Identified the cursed +3 war axe "Tedaon" {drain, *Slow
                  | Int+5 Dex+7}
 53085 | Vaults:2 | Got a heavily runed scale mail
 53146 | Vaults:2 | Found a staircase to the Crypt.
 53146 | Vaults:2 | Found a basalt altar of Yredelemnul.
 53154 | Vaults:2 | Found an ancient bone altar of Kikubaaqudgha.
 57441 | Vaults:4 | Reached XP level 21. HP: 134/134 MP: 45/45
 58221 | Vaults:4 | Learned a level 6 spell: Deflect Missiles
 58347 | Vaults:4 | Found Muax's Assorted Antiques.
 58347 | Vaults:4 | Noticed Sojobo
 58363 | Vaults:4 | Killed Sojobo
 58630 | Vaults:4 | Bought a wand of iceblast (10) for 184 gold pieces
 59138 | Vaults:4 | Got a brightly glowing cloak
 59156 | Vaults:4 | Identified the cursed -3 cloak "Jamelaol" {+Inv} (You found
                  | it on level 4 of the Vaults)
 60767 | Spider:4 | Got a gossamer rune of Zot
 61173 | Depths:1 | Entered Level 1 of the Depths
 61585 | Depths:1 | Noticed the Enchantress
 61591 | Depths:1 | Killed the Enchantress
 61680 | Depths:1 | Reached XP level 22. HP: 109/140 MP: 42/46
 62125 | Depths:1 | Reached skill level 1 in Armour
 62448 | Depths:1 | Found a gateway to Hell.
 62558 | Depths:1 | Learned a level 4 spell: Summon Lightning Spire
 62564 | Depths:1 | Learned a level 3 spell: Regeneration
 62747 | Depths:1 | Found a gateway to a ziggurat.
 63334 | Depths:2 | Reached skill level 5 in Armour
 65541 | Depths:3 | Noticed a golden dragon
 65545 | Depths:3 | Killed a golden dragon
 65545 | Depths:3 | Reached skill level 10 in Evocations
 65546 | Depths:3 | Reached XP level 23. HP: 123/144 MP: 47/47
 65620 | Depths:3 | Found Kylustry's Armour Shoppe.
 65804 | Depths:3 | Found a one-way gate to the infinite horrors of the Abyss.
 65901 | Depths:3 | Reached skill level 10 in Armour
 66468 | Depths:3 | Found a one-way gate leading to the halls of Pandemonium.
 66918 | Depths:4 | Noticed Mara
 66926 | Depths:4 | Killed Mara
 67728 | Depths:4 | Identified the cursed +0 pair of boots "Vaiz" {rC+} (You
                  | found it on level 4 of the Depths)
 67892 | Depths:4 | Noticed Margery
 67902 | Depths:4 | Killed Margery
 68312 | Depths:4 | Found Ebbootz's Gadget Shop.
 68314 | Depths:4 | Found Jazouh's Jewellery Emporium.
 68315 | Depths:4 | Found Suggighocy's Gadget Shop.
 68382 | Depths:5 | Entered Level 5 of the Depths
 68557 | Depths:5 | Noticed a caustic shrike
 68557 | Depths:5 | Noticed a caustic shrike
 68557 | Depths:5 | Noticed a caustic shrike
 68560 | Depths:5 | Killed a caustic shrike
 68560 | Depths:5 | Reached XP level 24. HP: 152/152 MP: 47/47
 68838 | Depths:5 | Found a hide-covered altar of Uskayaw.
 69545 | Depths:5 | Found a gate to the Realm of Zot.
 69915 | D:10     | Killed treziel's ghost
 70066 | D:13     | Killed Qaryups's ghost
 70349 | Shoals:1 | Killed Roxanne
 70518 | Spider:2 | Killed Kaulasiffa's ghost
 70523 | Spider:2 | Identified the ring of the Trout {rPois Stlth-} (You found
                  | it on level 2 of the Spider Nest)
 70622 | Spider:3 | Killed Pulopuxyer's ghost
 70628 | Spider:3 | Identified the +2 pair of boots of Naziukhle {rF+ Str+3}
                  | (You acquired it on level 3 of the Spider Nest)
 70711 | Spider:4 | Killed p0werm0de's ghost
 71017 | Orc:2    | Killed vishdafish's ghost
 71026 | Orc:2    | Got an encrusted ring mail
 71027 | Orc:2    | Identified the +1 ring mail of Enieq {+Inv MR+ Int+6
                  | Stlth+} (You found it on level 2 of the Orcish Mines)
 71096 | Elf:1    | Killed Agnes
 71447 | Shoals:4 | Bought the ring "Ufepruc" {rElec rF+ Int+4} for 616 gold
                  | pieces
 71913 | Vaults:5 | Entered Level 5 of the Vaults
 72435 | Vaults:5 | Reached XP level 25. HP: 154/160 MP: 44/47
 72592 | Vaults:5 | Reached skill level 15 in Armour
 73112 | Vaults:5 | Identified the Papyrus of Poison and Stones
 73315 | Vaults:5 | Got a silver rune of Zot
 73318 | Vaults:5 | Got a pair of brightly glowing gloves
 73319 | Vaults:5 | Identified the cursed -3 pair of gloves of the Raven {rF+
                  | rN++} (You found it on level 5 of the Vaults)
 73574 | Vaults:5 | Found the +0 Maxwell's etheric cage {RegenMP+ *Contam rElec
                  | MP+4}
 73603 | Vaults:5 | Identified the ring "Refeir" {Ice rElec Int-5 Dex+4 Slay+5}
                  | (You found it on level 5 of the Vaults)
 73874 | Vaults:5 | Identified the cursed +0 ring mail "Pawkomin" {rN+++ Int+3
                  | Slay-4 Stlth+} (You found it on level 5 of the Vaults)
 74022 | Vaults:5 | Identified the cursed +0 hat "Dacw" {rElec rF+ SInv} (You
                  | found it on level 5 of the Vaults)
 74435 | Zot:1    | Entered Level 1 of the Realm of Zot
 74627 | Zot:1    | Identified the +1 robe "Ymeth" {rPois rF+} (You found it on
                  | level 1 of the Realm of Zot)
 74684 | Zot:1    | You fall into a shaft and drop 1 floor!
 75400 | Zot:1    | Reached XP level 26. HP: 168/168 MP: 44/47
 76959 | Zot:3    | Found the +7 lajatang of Order {silver, rMut}
 78212 | Zot:4    | Reached XP level 27. HP: 78/173 MP: 39/47
 79550 | Zot:5    | Entered Level 5 of the Realm of Zot
 79571 | Zot:5    | Noticed an orb of fire
 79579 | Zot:5    | Killed an orb of fire
 80845 | Zot:5    | Noticed an ancient lich
 80862 | Zot:5    | Killed an ancient lich
 81048 | Zot:5    | Noticed an orb of fire
 81049 | Zot:5    | Noticed an ancient lich
 81054 | Zot:5    | Killed an orb of fire
 81056 | Zot:5    | Killed an ancient lich
 81118 | Zot:5    | Noticed an ancient lich
 81123 | Zot:5    | Noticed an ancient lich
 81129 | Zot:5    | Killed an ancient lich
 81316 | Zot:5    | Noticed an orb of fire
 81323 | Zot:5    | Killed an orb of fire
 81492 | Zot:5    | Killed an ancient lich
 81506 | Zot:5    | Noticed an orb of fire
 81507 | Zot:5    | Noticed an orb of fire
 81510 | Zot:5    | Noticed an orb of fire
 81511 | Zot:5    | Gained mutation: You can translocate small distances at
                  | will. [an orb of fire]
 81517 | Zot:5    | Gained mutation: You are partially covered in large bone
                  | plates. (SH +4) [an orb of fire]
 81521 | Zot:5    | Killed an orb of fire
 81522 | Zot:5    | Killed an orb of fire
 81524 | Zot:5    | Killed an orb of fire
 81905 | Zot:5    | Noticed an ancient lich
 81911 | Zot:5    | Killed an ancient lich
 81927 | Zot:5    | Noticed an ancient lich
 81931 | Zot:5    | Noticed an ancient lich
 81935 | Zot:5    | Killed an ancient lich
 81942 | Zot:5    | Killed an ancient lich
 82595 | Zot:5    | Got the Orb of Zot
 82721 | Zot:1    | Noticed Gunycefor the pandemonium lord
 82863 | D:14     | Noticed Qonopp the pandemonium lord
 82891 | D:13     | Noticed Atybu the pandemonium lord
 82901 | D:13     | Killed Atybu the pandemonium lord
 83193 | D:$      | Escaped with the Orb!
